 Dungeon Crawl Stone Soup version 0.30-a0-241-g1121274140 (webtiles) character file.

Game seed: 11379330424249963441

43 qw the Chopper (level 3, -1/23 HPs)
             Began as a Gargoyle Fighter on Oct 10, 2022.
             Slain by a gnoll
             ... wielding a +0 spear
              (4 damage)
             ... on level 2 of the Dungeon.
             The game lasted 00:00:34 (1204 turns).

qw the Chopper (Gargoyle Fighter)                   Turns: 1204, Time: 00:00:34

Health: -1/23      AC: 11    Str: 21    XL:     3   Next: 58%
Magic:  3/3        EV:  9    Int:  8    God:
Gold:   76         SH:  4    Dex:  9    Spells: 2/2 levels left

rFire   . . .      SeeInvis .    Y - +0 war axe
rCold   . . .      Faith    .    c - +0 buckler
rNeg    + . .      Spirit   .    b - +0 scale mail
rPois   inf        Reflect  .    f - +0 helmet
rElec   +          Harm     .    (no cloak)
rCorr   .          Rampage  .    (no gloves)
Will    .....                    (no boots)
Stlth   ..........               (no amulet)
HPRegen 0.23/turn                (no ring)
MPRegen 0.08/turn                (no ring)

@: no status effects
A: sickness immunity, AC +3, negative energy resistance 1, electricity
resistance, torment resistance 1, petrification resistance
a: no special abilities


You were on level 2 of the Dungeon.
You visited 1 branch of the dungeon, and saw 2 of its levels.

You collected 76 gold pieces.


Innate Abilities, Weirdness & Mutations

You are immune to sickness and miasma.
Your stone body is resilient. (AC +3)
You are immune to poison.
You resist negative energy. (rN+)
You are resistant to electric shocks. (rElec)
You are resistant to unholy torment.
You are immune to petrification.


   Skills:
 - Level 3.2 Fighting
 + Level 3.5 Axes
 - Level 3.2 Armour
 - Level 3.2 Shields


You had 2 spell levels left.
You didn't know any spells.
Your spell library was empty.

Inventory:

Hand Weapons
 j - a +2 whip of venom
 Y - a +0 war axe (weapon)
Armour
 b - a +0 scale mail (worn)
 c - a +0 buckler (worn)
 f - a +0 helmet (worn)
Scrolls
 a - a scroll of immolation {unknown}
 e - a scroll of identify
 h - a scroll of enchant weapon {unknown}
 k - 2 scrolls of teleportation
Potions
 d - 2 potions of might
 g - a potion of curing
 i - 2 potions of haste {unknown}

Dungeon Overview and Level Annotations

Branches:
Dungeon (2/15)

Altars:


Message History

You hit the hobgoblin.
The hobgoblin is severely wounded.
The hobgoblin barely misses you.
You hit the hobgoblin.
You kill the hobgoblin!
The ball python barely misses you. The ball python grabs you.
The ball python constricts you.
You barely miss the ball python.
The ball python bites you but does no damage.
The ball python constricts you.
The ball python bites you but does no damage.
The ball python constricts you.
You slash the ball python!
You kill the ball python!
Found a stone staircase leading down.
Things that are here:
a ball python corpse; a hobgoblin corpse
e - a scroll of identify
Enter note:
h - a scroll labelled DYMULAI VACIUH 3 gnolls come into view.
The gnoll shouts! x2; You hear an angry hiss.
The gnoll moves out of view.
Enter note: A frilled lizard comes into view.
A jackal comes into view.
The jackal moves out of view.
A jackal comes into view.
The jackal barks!
A jackal comes into view.
The gnoll hits you from afar with a +0 spear.
The gnoll closely misses you.
The jackal moves out of view.
You closely miss the gnoll. You barely miss the gnoll.
The gnoll hits you but does no damage. x2; The gnoll hits you with a +0 halberd!
You closely miss the gnoll. x2
The gnoll barely misses you. The gnoll hits you with a +0 flail!
The gnoll completely misses you. The gnoll barely misses you.
The gnoll hits you but does no damage.
The gnoll hits you from afar with a +0 spear.
You die...

#............ ########
#............
##......###............
##........#.............
#.......................
#..........##...........
#..........###..........
...........# ###..g....#
#...........# #@g.....#
##........#... #gl.....#
%..........###..h......#
#..........# ##..$h...#
#..........# #.......#
#.>........# #........
...........# #........
..........## ###......
..#........#


You could see 3 gnolls, 2 jackals and a frilled lizard.

Vanquished Creatures
  An adder (D:2)
  6 ball pythons
  5 endoplasms (D:1)
  3 hobgoblins
  2 kobolds (D:1)
  3 bats
  3 frilled lizards (D:1)
  5 goblins
  3 rats
31 creatures vanquished.

Notes
Turn   | Place    | Note
-------+----------+-------------------------------------------
     0 | D:1      | qw the Gargoyle Fighter began the quest for the Orb.
     0 | D:1      | Reached XP level 1. HP: 14/14 MP: 1/1
     0 | D:1      | 0 ||| qw: Version: 0.2-a-17-g06abaee
     0 | D:1      | 0 ||| qw: Game counter: 2379
     0 | D:1      | 0 ||| qw: Always use a shield: true
     0 | D:1      | 0 ||| qw: God list: Okawaru
     0 | D:1      | 0 ||| qw: Allow faded altars: false
     0 | D:1      | 0 ||| qw: Do Orc after D:15 true
     0 | D:1      | 0 ||| qw: Do second Lair branch before Depths: true
     0 | D:1      | 0 ||| qw: Lair rune preference: random
     0 | D:1      | 0 ||| qw: Plans: Normal, Zot:1-4, God:TSO, Crypt, Tomb,
                  | Pan, Slime:5, Hells, Abyss, Orb
     0 | D:1      | 0 ||| PLANNING D:1-11
    98 | D:1      | 98 ||| DROPPING +0 club.
   119 | D:1      | 119 ||| Stepping ~*~*~tactically~*~*~ (stealth).
   231 | D:1      | Reached XP level 2. HP: 19/19 MP: 2/2
   233 | D:1      | 233 ||| DROPPING +0 whip.
   286 | D:1      | 286 ||| Stepping ~*~*~tactically~*~*~ (stealth).
   766 | D:1      | Reached skill level 3 in Axes
   944 | D:1      | 944 ||| UPGRADING to +0 helmet.
   949 | D:1      | 949 ||| READING scroll labelled YNOPSE FIUS.
   950 | D:1      | 950 ||| READING scroll labelled BIJO ZIECAMEN.
   951 | D:1      | 951 ||| READING 3 scrolls labelled KAKEOGASITH.
   956 | D:1      | 956 ||| READING scroll labelled HIRAFO YGOLOXT.
   957 | D:1      | 957 ||| READING scroll labelled DYV FEORIF.
   958 | D:1      | 958 ||| DRINKING 2 clear potions.
   981 | D:2      | Reached XP level 3. HP: 21/23 MP: 3/3
  1204 | D:2      | HP: 3/23 [gnoll/+0 flail (9)]
  1204 | D:2      | Slain by a gnoll

Levels and vault maps discovered:
D:1:      minmay_arrival_five_plusses, layout_basic, chequers_jeans,
          minmay_nonomino_d4
D:2:      layout_rooms, corexii_corridor_pit, minmay_misc_feat_chi

Skill      XL: |  1  2 |
---------------+-------+-----
Axes           | 2 3 |  3.5
Fighting       | |  3.2
Armour         | |  3.2
Shields        | |  3.2

Action                   || total
-------------------------++-------
Melee: War axe           ||   103
  Use: Scroll            ||     5
       Potion            ||     1
Armor: Scale mail        ||    45
Dodge: Dodged            ||    55
Block: Buckler           ||    11

Table legend:
 A = Non-vault XP
 B = Vault XP
 C = Vault XP percentage of total XP
 D = Non-vault monster count
 E = Vault monster count
 F = Vault count percentage of total count
                 A         B        C        D         E       F
            +---------+---------+-------+---------+---------+-------
      Total |      54 |       8 |  12.9 |      26 |       5 |  16.1
            +---------+---------+-------+---------+---------+-------
        D:1 |      25 |       8 |  24.2 |      15 |       5 |  25.0
        D:2 |      29 |       0 |   0.0 |      11 |       0 |   0.0
            +---------+---------+-------+---------+---------+-------
